 Dungeon Crawl Stone Soup version 0.18.1-48-g4cf74bf (webtiles) character file.

54 OTRawrior the Digger (level 3, 0/19 HPs)
             Began as a Gargoyle Earth Elementalist on Aug 19, 2016.
             Slain by an adder (3 damage)
             ... on level 3 of the Dungeon.
             The game lasted 00:05:00 (1904 turns).

OTRawrior the Digger (Gargoyle Earth Elementalist)  Turns: 1904, Time: 00:05:01

Health: 0/19       AC:  5    Str: 11    XL:     3   Next: 91%
Magic:  6/7        EV:  9    Int: 16    God:
Gold:   117        SH:  0    Dex: 10    Spells: 2 memorised, 4 levels left

rFire  . . .     SeeInvis .     b - 94 stones
rCold  . . .     Gourm    .     a - +0 robe
rNeg   + . .     Faith    .     (no shield)
rPois  ∞         Spirit   .     (no helmet)
rElec  +         Dismiss  .     (no cloak)
rCorr  .         Reflect  .     (no gloves)
SustAt .         Harm     .     (no boots)
MR     .....                    (no amulet)
Stlth  ++........               (no ring)
                                (no ring)

@: constricted, not resistant to hostile enchantments, unstealthy
A: negative energy resistance 1, electricity resistance, unbreathing,
petrification resistance, rot immunity, AC +3
a: no special abilities


You were on level 3 of the Dungeon.
You were not hungry.

You visited 1 branch of the dungeon, and saw 3 of its levels.

You collected 117 gold pieces.

Inventory:

Hand Weapons
 o - a +4 short sword
Missiles
 b - 94 stones (in hand)
Armour
 a - a +0 robe (worn)
 h - a +0 buckler
Scrolls
 f - 4 scrolls of identify {unknown}
 g - 2 scrolls of recharging {unknown}
 i - a scroll of noise {unknown}
 j - 3 scrolls of immolation {unknown}
 k - a scroll of magic mapping {unknown}
 m - a scroll of fog {unknown}
 p - a scroll of random uselessness {unknown}
Potions
 e - a potion of berserk rage {unknown}
 l - 3 potions of mutation {unknown}
 q - a potion of heal wounds {unknown}
 r - a potion of haste {unknown}
 t - a potion of brilliance {unknown}
 u - a potion of curing {unknown}
Books
 c - a book of Geomancy

   Spells                             Type                      Level
   a - Sandblast                      Earth                        1
   b - Passwall                       Transmutation/Earth          2
   c - Stone Arrow                    Conjuration/Earth            3
   d - Petrify                        Transmutation/Earth          4
   e - Lee's Rapid Deconstruction     Earth                        5
Comestibles
 d - 3 bread rations
 n - a slice of pizza
 s - 2 meat rations
 v - a chunk of flesh


   Skills:
 - Level 1.5 Dodging
 - Level 2.1 Stealth
 * Level 3.3 Spellcasting
   Level 0.7 Transmutations
 + Level 4.2 Earth Magic


You had 4 spell levels left.
You knew the following spells:

 Your Spells              Type           Power        Failure   Level  Hunger
a - Sandblast             Erth           ###...       3%          1    None
b - Stone Arrow           Conj/Erth      #.....       28%         3    ###....


Dungeon Overview and Level Annotations

Branches:
Dungeon (3/15)

Altars:
Pakellas


Innate Abilities, Weirdness & Mutations

You are resistant to torment.
Your stone body is resilient (AC +3).
You are immune to poison.
You resist negative energy.
You are resistant to electric shocks.
You can survive without breathing.
You are immune to petrification.
You are immune to rotting.


Message History

The adder misses you.
Found a robe.
The adder closely misses you. The adder barely misses you.
Wield which item (- for none, * to show all)? (? for menu, Esc to quit)
b - 95 stones (in hand)
The adder bites you.
* * * LOW HITPOINT WARNING * * *
The ball python bites you but does no damage.
The ball python grabs you.
* * * LOW HITPOINT WARNING * * *
The ball python constricts you.
Casting: Sandblast
Confirm with . or Enter, or press ? or * to list all spells.
Aiming: Sandblast
Press: ? - help, Shift-Dir - straight line, f - adder
Aim: an adder (heavily wounded)
The rocky blast misses the adder.
The rocky blast hits the orc.
The adder bites you.
You die...

#.#
#.########?##.#
#.#
#..o.o.o......#
#.#
#.########o####
#.# #.# #o#
###.####o####
##.#
......).....#
#..#
.##.####.##.#
#o## #.# #)# #
#S# #.# #.. #@#
#.# $... #S#
..... ...
....... ##..#
S##..>.. #...
#. ##.####.###
#.# ..#


You could see an adder, 3 orcs and a ball python.

Vanquished Creatures
  An adder (D:3)
  A worm (D:2)
  3 dart slugs
  A giant gecko (D:2)
  An orc (D:3)
  2 ball pythons
  2 giant cockroaches (D:1)
  4 goblins
  4 hobgoblins
  4 jackals (D:2)
  4 bats
  A giant newt (D:2)
  6 rats
34 creatures vanquished.

Notes
Turn   | Place    | Note
--------------------------------------------------------------
     0 | D:1      | OTRawrior the Gargoyle Earth Elementalist began the quest for the Orb.
     0 | D:1      | Reached XP level 1. HP: 10/10 MP: 3/3
   277 | D:1      | Reached XP level 2. HP: 15/15 MP: 3/5
   855 | D:2      | Found an oddly glowing altar of Pakellas.
  1032 | D:2      | Reached XP level 3. HP: 19/19 MP: 4/7
  1037 | D:2      | Learned a level 3 spell: Stone Arrow
  1103 | D:2      | Reached skill level 4 in Earth Magic
  1904 | D:3      | Slain by an adder

Skill      XL: |  1  2  3 |
---------------+----------+-----
Spellcasting   | 3 |  3.3
Earth Magic    | 4 |  4.2
Dodging        | |  1.5
Stealth        | |  2.1
Transmutations | |  0.7

Action                   || total
-------------------------++-------
Melee: Unarmed           ||     3
       Dagger            ||     1
       Short sword       ||    48
 Cast: Sandblast         ||    39
 Stab: Sleeping          ||     2
  Eat: Chunk             ||     3
Armor: Robe              ||    22
Dodge: Dodged            ||    55
